 Dungeon Crawl Stone Soup version 0.19-a0-1025-g778f431 (webtiles) character file.

296 mrath the Ruffian (level 6, -2/48 HPs)
             Began as a Ghoul Gladiator on July 28, 2016.
             Killed from afar by an orc wizard (4 damage)
             ... with a magic dart
             ... on level 4 of the Dungeon.
             The game lasted 00:08:44 (3060 turns).

mrath the Ruffian (Ghoul Gladiator)                 Turns: 3060, Time: 00:08:45

Health: -2/48      AC:  4    Str: 19    XL:     6   Next: 34%
Magic:  5/5        EV: 12    Int:  3    God:
Gold:   204        SH:  0    Dex: 11    Spells: 0 memorised, 5 levels left

rFire  + . .     SeeInvis .       - Unarmed
rCold  + . .     Gourm    .     a - +0 leather armour
rNeg   + + +     Faith    .     (no shield)
rPois  ∞         Spirit   .     b - +0 helmet
rElec  .         Dismiss  .     (no cloak)
rCorr  .         Reflect  .     (no gloves)
SustAt .         Harm     .     (no boots)
MR     .....                    (no amulet)
Stlth  +.........               u - ring of protection from fire
                                (no ring)

@: rotting, not resistant to hostile enchantments, very unstealthy
A: rotting body, claws 1, carnivore 3, cold resistance 1, negative energy
resistance 3, slow regeneration 1, torment resistance, unbreathing
a: no special abilities


You were on level 4 of the Dungeon.
You were not hungry.

You visited 1 branch of the dungeon, and saw 4 of its levels.

You collected 204 gold pieces.

Inventory:

Hand Weapons
 l - a +1 whip of pain
 n - a +0 hunting sling
Missiles
 c - 5 throwing nets (quivered)
 e - 98 stones
 i - 9 poisoned needles
Armour
 a - a +0 leather armour (worn)
 b - a +0 helmet (worn)
Jewellery
 t - an uncursed ring of magical power
 u - a ring of protection from fire (right claw)
Scrolls
 g - 7 scrolls of identify
 j - 2 scrolls of fog {unknown}
 m - a scroll of enchant armour {unknown}
 o - a scroll of random uselessness {unknown}
 p - a scroll of enchant weapon {unknown}
 q - 4 scrolls of teleportation {unknown}
Potions
 f - 2 potions of flight
 k - a potion of resistance {unknown}
 s - a potion of mutation {unknown}
 v - a potion of brilliance {unknown}
 w - a potion of degeneration {unknown}
Comestibles
 d - 3 meat rations
 h - 3 chunks of flesh
 r - a royal jelly


   Skills:
 - Level 2.1 Fighting
 - Level 1.7 Throwing
 - Level 2.6 Dodging
 * Level 7.6 Unarmed Combat


You had 5 spell levels left.
You didn't know any spells.

Dungeon Overview and Level Annotations

Branches:
Dungeon (4/15)
 Temple: D:4-7

Altars:


Innate Abilities, Weirdness & Mutations

Your body is rotting away.
You thrive on raw meat.
You are immune to poison.
You have sharp fingernails.
You are carnivorous and can eat meat at any time.
Your flesh is cold resistant. (rC+)
You are immune to negative energy. (rN+++)
You regenerate slowly when monsters are visible.
You are immune to unholy pain and torment.
You can survive without breathing.


Message History

The orc wizard hits you but does no damage.
You scratch the orc priest.
The orc priest is almost dead.
The orc priest misses you. The orc hits you but does no damage.
The orc wizard hits you but does no damage.
You scratch the orc priest but do no damage.
The orc priest is almost dead.
The orc wizard hits you but does no damage.
The orc priest invokes the aid of Beogh against you.
You are unaffected.
The orc hits you but does no damage.
You scratch the orc priest.
You kill the orc priest!
The orc wizard hits you but does no damage.
The orc hits you with a club.
* * * LOW HITPOINT WARNING * * *
The orc wizard hits you with a dagger of draining.
* * * LOW HITPOINT WARNING * * *
The orc wizard points at you and mumbles some strange words.
The magic dart hits you!
You die...

# #. #.. ########
#.>.###...... ...........#
...........# ... .$.....@).#
... ########..####)o######
..###
#......#######o###...######...
#......'....#.............+...
#......#....#.............#...
#......#+#####..##........#...
#####.......##..##...##...#...
#.......#...#....##...##'#
#.......#...+.........#...


You could see an orc wizard and an orc.

Vanquished Creatures
  An ogre (D:4)
  A scorpion (D:4)
  An orc priest (D:4)
  An iguana (D:4)
  A worker ant (D:4)
  An adder (D:2)
  4 gnolls (D:2)
  An ooze (D:1)
  A giant gecko (D:3)
  2 orcs (D:4)
  A bat (D:3)
  2 giant cockroaches (D:3)
  7 goblins
  3 hobgoblins
  3 jackals (D:2)
  A ball python (D:2)
  2 giant newts
  4 kobolds
  5 rats
42 creatures vanquished.

Notes
Turn   | Place    | Note
-------+----------+-------------------------------------------
     0 | D:1      | mrath the Ghoul Gladiator began the quest for the Orb.
     0 | D:1      | Reached XP level 1. HP: 17/17 MP: 0/0
   312 | D:1      | Reached XP level 2. HP: 24/24 MP: 1/1
   631 | D:2      | Reached skill level 4 in Unarmed Combat
   680 | D:2      | Reached XP level 3. HP: 12/28 MP: 2/2
   946 | D:2      | Reached skill level 5 in Unarmed Combat
  1119 | D:2      | Reached XP level 4. HP: 32/36 MP: 3/3
  2255 | D:3      | Found a faded altar of an unknown god.
  2485 | D:4      | Noticed an ogre
  2493 | D:4      | Killed an ogre
  2493 | D:4      | Reached skill level 6 in Unarmed Combat
  2493 | D:4      | Reached XP level 5. HP: 37/41 MP: 4/4
  2791 | D:4      | Reached skill level 7 in Unarmed Combat
  2791 | D:4      | Reached XP level 6. HP: 42/48 MP: 5/5
  3059 | D:4      | HP: 2/48 [orc wizard/dagger of draining (2)]
  3060 | D:4      | Killed from afar by an orc wizard

Vault maps used:
D:1:      saegor_arrival_simple_d, hex_tiny, nrook_mini_backslash
D:2:      corner_web_ring, kennysheep_nub
D:3:      ecumenical_altar_1
D:4:      minmay_small_thing

Skill      XL: |  1  2  3  4  5 |
---------------+----------------+-----
Unarmed Combat | 4 5 6 7 |  7.6
Fighting       | |  2.1
Throwing       | |  1.7
Dodging        | |  2.6

Action                   |  1- 3 |  4- 6 || total
-------------------------+-------+-------++-------
Melee: Unarmed           |    37 |    94 ||   131
       Punch             |       |     1 ||     1
  Use: Scroll            |       |     6 ||     6
  Eat: Chunk             |     5 |     4 ||     9
Armor: Leather armour    |     6 |    26 ||    32
Dodge: Dodged            |    15 |    39 ||    54
